 Dungeon Crawl Stone Soup version 0.17-a0-2109-g117576f (webtiles) character file.

1100 glosham the Grappler (level 8, -1/56 HPs)
             Began as a Black Draconian Chaos Knight on Oct 19, 2015.
             Was a Priest of Okawaru.
             Slain by a gnoll
             ... wielding a +0 halberd
              (9 damage)
             ... on level 4 of the Dungeon.
             The game lasted 01:00:11 (4175 turns).

glosham the Grappler (Black Draconian Chaos Knight) Turns: 4175, Time: 01:00:12

Health: -1/56      AC:  9    Str: 21    XL:     8   Next: 10%
Magic:  7/8        EV: 14    Int: 18    God:    Okawaru [***...]
Gold:   155        SH:  0    Dex: 10    Spells: 0 memorised, 7 levels left

rFire  . . .     SeeInvis .       - Unarmed
rCold  . . .     Clarity  .     (armour unavailable)
rNeg   . . .     SustAt   .     (no shield)
rPois  +         Gourm    .     (helmet restricted)
rElec  +         Spirit   .     Y - +2 cloak
rCorr  .         Warding  .     (no gloves)
rMut   .         Stasis   .     (no boots)
MR     .....                    (no amulet)
Stlth  ++........               (no ring)
                                (no ring)

@: mighty, heroism, not resistant to hostile enchantments, unstealthy
A: breathe lightning, unfitting armour, blurry vision 1, clever 2, frail 1,
poison resistance, electricity resistance, cold-blooded, subdued magic 1, AC +6
a: Breathe Lightning, Heroism, Renounce Religion


You were on level 4 of the Dungeon.
You worshipped Okawaru.
Okawaru was most pleased with you.
You were not hungry.

You visited 1 branch of the dungeon, and saw 4 of its levels.

You collected 155 gold pieces.

Inventory:

Missiles
 b - 54 stones (quivered)
 h - 21 bolts
 l - 13 sling bullets
Armour
 Y - a +2 cloak (worn)
Scrolls
 g - 4 scrolls of remove curse
 i - a scroll of teleportation
 m - a scroll of recharging
 o - a scroll of fear
Potions
 j - a potion of heal wounds
 k - a potion of invisibility
Comestibles
 a - a bread ration
 c - a beef jerky
 d - 2 meat rations
 f - 4 chunks of flesh
 n - a fruit


   Skills:
 - Level 3.2(8.2) Fighting
 - Level 2.1(7.1) Dodging
 * Level 10.0(15.0) Unarmed Combat


You had 7 spell levels left.
You didn't know any spells.

Dungeon Overview and Level Annotations

Branches:
Dungeon (4/15)
 Temple: D:4-7

Altars:
Elyvilon
Okawaru
Trog
Zin

Shops:
D:4 (


Innate Abilities, Weirdness & Mutations

You can breathe wild blasts of lightning.
Your glossy black scales are hard (AC +6).
Your body does not fit into most forms of armour.
You are resistant to electric shocks.
You are cold-blooded and may be slowed by cold attacks.
Scrolls take you a little longer to read.
Your mind is very acute. (Int +4)
You are frail (-10% HP).
Your system is resistant to poisons.
Your spells are a little easier to cast, but a little less powerful.


Message History

The shadow is heavily damaged.
The shadow slips into darkness.
The shadow flickers and vanishes!
The shadow strikes at you from the darkness!
* * * LOW HITPOINT WARNING * * *
Reactivating autopickup.
Deactivating autopickup; reactivate with Ctrl-A.
You miss something.
The shadow strikes at you from the darkness!
* * * LOW HITPOINT WARNING * * *
Reactivating autopickup.
Drink which item? (? for menu, Esc to quit)
You feel very mighty all of a sudden. The shadow hits you.
The shadow closely misses you.
You barely miss the shadow.
The shadow is heavily damaged.
The shadow hits you.
You hit the shadow but do no damage.
The shadow is heavily damaged.
The shadow closely misses you. The shadow barely misses you.
You hit the shadow. You tail-slap the shadow.
The shadow is severely damaged.
The shadow barely misses you. The shadow hits you.
* * * LOW HITPOINT WARNING * * *
You hit the shadow.
The shadow is severely damaged.
The shadow hits you.
You closely miss the shadow. You tail-slap the shadow.
You destroy the shadow!
The shadow hits you.
You closely miss the shadow.
The gnoll splashes around in the water.
The shadow barely misses you.
You punch the shadow!
The shadow is heavily damaged.
You hit the shadow but do no damage.
The shadow is heavily damaged.
The shadow hits you.
* * * LOW HITPOINT WARNING * * *
The gnoll hits you from afar with a halberd!
You die...

,,,,,,*,,,,*,,,,,,,,,,,*,*,≈≈≈,*,
,,,,,.'....',,,,,,,,,,,',*,≈≈≈,*,
,,,,,.#....#,,,,,,,,,,,*'***≈≈,*,
#######''''#############,,,*≈≈,*,
........%..............#,,,*≈≈,*,
≈≈≈≈≈≈≈....≈≈≈≈≈≈≈≈≈≈≈≈#####≈≈.#,
≈≈≈≈≈≈≈....≈≈≈≈≈≈≈≈≈≈≈≈≈≈≈≈≈≈≈.#.
≈≈≈≈≈≈≈....≈≈≈g)≈≈≈≈≈≈≈≈≈≈≈≈≈≈.#.
..............†W@...........P..#.
...####..#############...........
....###.## #...........
....'....# ########...........
....####'######.......÷÷.........
....# #......##........#######'#.
....# #......##........# #.#.
....# #......##........# #)#.
..>.# #......##........#######.#.


You could see a shadow and a gnoll.

Vanquished Creatures
  The ghost of PeterLawrence the Basher, an amateur OgFi (D:4)
  Edmund (D:4)
  2 ogres
  A scorpion (D:4)
  A water moccasin skeleton (D:4)
  An orc priest (D:3)
  2 orc wizards (D:3)
  3 worker ants (D:4)
  5 adders
  18 gnolls
  4 worms
  3 giant geckos
  6 orcs
  5 bats
  10 giant cockroaches
  9 hobgoblins
  7 kobolds
  2 ball pythons
  A giant newt (D:1)
  13 goblins
  13 jackals (D:4)
  A quokka (D:2)
  16 rats
125 creatures vanquished.

Notes
Turn   | Place    | Note
--------------------------------------------------------------
     0 | D:1      | glosham the Draconian Chaos Knight began the quest for the Orb.
     0 | D:1      | Reached XP level 1. HP: 19/19 MP: 1/1
     0 | D:1      | Fell from the grace of Xom
   278 | D:1      | Reached XP level 2. HP: 26/26 MP: 2/2
   513 | D:1      | Reached skill level 4 in Unarmed Combat
   650 | D:2      | Reached XP level 3. HP: 31/31 MP: 3/3
   667 | D:2      | XOM: 1-stop teleportation journey
   758 | D:2      | Found a glowing silver altar of Zin.
   786 | D:2      | Found a faded altar to an unknown god.
   790 | D:2      | Became a worshipper of Warmaster Okawaru
   790 | D:2      | Reached * piety under Okawaru
  1491 | D:2      | Found a bloodstained altar of Trog.
  1804 | D:2      | XOM: stat loss: -2 Int (11/13)
  1949 | D:3      | Reached skill level 5 in Unarmed Combat
  1949 | D:3      | Reached XP level 4. HP: 36/38 MP: 4/4
  2111 | D:3      | XOM: medium Trmt miscast
  2119 | D:3      | Gained mutation: Scrolls take you a little longer to read. [mutagenic glow]
  2162 | D:2      | Gained mutation: You are frail (-10% HP). [mutagenic glow]
  2226 | D:2      | Gained mutation: Your spells are a little easier to cast, but a little less powerful. [mutagenic glow]
  2306 | D:3      | Gained mutation: Your mind is acute. (Int +2) [potion of mutation]
  2306 | D:3      | Gained mutation: Your mind is very acute. (Int +4) [potion of mutation]
  2306 | D:3      | Gained mutation: Your system is resistant to poisons. [potion of mutation]
  2419 | D:3      | Found a white marble altar of Elyvilon.
  2600 | D:3      | Noticed an ogre
  2609 | D:3      | Killed an ogre
  2609 | D:3      | Reached skill level 6 in Unarmed Combat
  2609 | D:3      | Reached XP level 5. HP: 32/40 MP: 2/5
  2666 | D:3      | XOM: summons 4 hostile shadow creatures
  2740 | D:3      | Reached XP level 6. HP: 45/45 MP: 4/6
  2763 | D:3      | Reached skill level 7 in Unarmed Combat
  2891 | D:4      | Reached ** piety under Okawaru
  3039 | D:4      | Noticed PeterLawrence's ghost (amateur OgFi)
  3075 | D:4      | Killed PeterLawrence's ghost
  3075 | D:4      | Reached skill level 8 in Unarmed Combat
  3075 | D:4      | Your scales start taking on a glossy black colour.
  3075 | D:4      | Gained mutation: You are resistant to electric shocks. [Black Draconian growth]
  3075 | D:4      | Reached XP level 7. HP: 26/51 MP: 5/7
  3184 | D:3      | XOM: noise
  3355 | D:4      | XOM: mild Divn miscast
  3523 | D:4      | Found Lamex's Weapon Boutique.
  3542 | D:4      | Reached skill level 9 in Unarmed Combat
  3668 | D:4      | XOM: mild Pois miscast
  3761 | D:4      | Reached *** piety under Okawaru
  4078 | D:4      | Noticed Edmund
  4096 | D:4      | Killed Edmund
  4096 | D:4      | Reached XP level 8. HP: 53/56 MP: 8/8
  4147 | D:4      | Reached skill level 10 in Unarmed Combat
  4157 | D:4      | XOM: medium Necr miscast
  4175 | D:4      | Slain by a gnoll

Vault maps used:
D:1:      dpeg_arrival_round_b, roderic_whirl
D:2:      zin_academy, serial_forest, infiniplex_forest_end_3,
          infiniplex_forest_lined_ring, infiniplex_forest_lined_2,
          infiniplex_forest_lined_room_, infiniplex_forest_end_3,
          infiniplex_forest_clump_small, infiniplex_forest_lined_corner,
          infiniplex_forest_lined_corner, ecumenical_altar_1,
          kennysheep_nondescript, trog_three_pillars_becter
D:3:      lemuel_round_altar, minmay_ogre_servants
D:4:      lemuel_castle_with_subvaults, serial_shops, shop, uniq_edmund

Action                   |  1- 3 |  4- 6 |  7- 9 || total
-------------------------+-------+-------+-------++-------
Melee: Unarmed           |   179 |   149 |   184 ||   512
Invok: Renounce Religion |     1 |       |       ||     1
       Heroism           |       |     4 |     1 ||     5
 Abil: Breathe Lightning |       |       |     2 ||     2
  Use: Scroll            |     7 |     4 |     1 ||    12
       Potion            |       |     1 |     1 ||     2
 Stab: Sleeping          |     2 |       |       ||     2
  Eat: Chunk             |     3 |     4 |     5 ||    12

Table legend:
 A = Turns spent in this place as a percentage of turns spent in the entire game.
 B = Non-inter-level travel turns spent in this place as a percentage of non-inter-level travel turns spent in the entire game.
 C = Inter-level travel turns spent in this place as a percentage of turns spent in this place.
 D = Turns resting spent in this place as a percentage of non-inter-level travel turns spent in this place.
 E = Turns spent auto-exploring this place as a percentage of non-inter-level travel turns spent in this place.
 F = Non-inter-level travel turns spent in this place divided by the number of levels of this place that you've seen.
                   A       B       C       D       E      F
               +-------+-------+-------+-------+-------+----------------------
         Total | 100.0 | 100.0 |   0.6 |   2.6 |   0.5 | 595.8
       Dungeon | 100.0 | 100.0 |   0.6 |   2.6 |   0.5 | 595.8
               +-------+-------+-------+-------+-------+----------------------

Table legend:
 A = Kills in this place as a percentage of kills in entire the game.
 B = Kills by you in this place as a percentage of kills by you in the entire game.
 C = Kills by friends in this place as a percentage of kills by friends in the entire game.
 D = Other kills in this place as a percentage of other kills in the entire game.
 E = Experience gained in this place as a percentage of experience gained in the entire game.
 F = Experience gained in this place divided by the number of levels of this place that you have seen.
                   A       B       C       D       E      F
               +-------+-------+-------+-------+-------+----------------------
         Total | 100.0 | 100.0 |  -nan |  -nan | 100.0 | 393.0
       Dungeon | 100.0 | 100.0 |  -nan |  -nan | 100.0 | 393.0
               +-------+-------+-------+-------+-------+----------------------

Vault maps used:
D:1:      dpeg_arrival_round_b, roderic_whirl
D:2:      zin_academy, serial_forest, infiniplex_forest_end_3,
          infiniplex_forest_lined_ring, infiniplex_forest_lined_2,
          infiniplex_forest_lined_room_, infiniplex_forest_end_3,
          infiniplex_forest_clump_small, infiniplex_forest_lined_corner,
          infiniplex_forest_lined_corner, ecumenical_altar_1,
          kennysheep_nondescript, trog_three_pillars_becter
D:3:      lemuel_round_altar, minmay_ogre_servants
D:4:      lemuel_castle_with_subvaults, serial_shops, shop, uniq_edmund
